Workbook

Sheet 12-Month Cash Flow
A1: ABBY Dc Inc.
A2: 123 Street, City, ST 00000
A3: Prepared by: Francis Dee
A4: For the Year 2055
A5: SAAS Cash Flow ForeCast Template
A6: OPERATIONS | C6: January | D6: February | E6: March | F6: April | G6: May | H6: June | I6: July | J6: August | K6: September | L6: October | M6: November | N6: December | O6: TOTAL
B7: IN
B8: Stick-Based Compensations | C8: 38712 | D8: 0 | E8: 0 | F8: 0 | G8: 0 | H8: 0 | I8: 0 | J8: 0 | K8: 0 | L8: 0 | M8: 0 | N8: 0 | O8: =SUM(C8:N8) -> 38712
B9: Other Operating Expense,Net | C9: 13872 | D9: 0 | E9: 0 | F9: 0 | G9: 0 | H9: 0 | I9: 0 | J9: 0 | K9: 0 | L9: 0 | M9: 0 | N9: 0 | O9: =SUM(C9:N9) -> 13872
B10: OUT
B11: Deferred Income Taxes | C11: 22100 | D11: 0 | E11: 0 | F11: 0 | G11: 0 | H11: 0 | I11: 0 | J11: 0 | K11: 0 | L11: 0 | M11: 0 | N11: 0 | O11: =SUM(C11:N11) -> 22100
B12: Excess Tax Benefits from Stock-Based | C12: 0 | D12: 0 | E12: 0 | F12: 0 | G12: 0 | H12: 0 | I12: 0 | J12: 0 | K12: 0 | L12: 0 | M12: 0 | N12: 0 | O12: =SUM(C12:N12) -> 0
B13: Compensation | C13: 19821 | D13: 0 | E13: 0 | F13: 0 | G13: 0 | H13: 0 | I13: 0 | J13: 0 | K13: 0 | L13: 0 | M13: 0 | N13: 0 | O13: =SUM(C13:N13) -> 19821
B14: Net Cash from Operations | C14: =SUM(C8:C9)-SUM(C11:C13) -> 10663 | D14: =SUM(D8:D9)-SUM(D11:D13) -> 0 | E14: =SUM(E8:E9)-SUM(E11:E13) -> 0 | F14: =SUM(F8:F9)-SUM(F11:F13) -> 0 | G14: =SUM(G8:G9)-SUM(G11:G13) -> 0 | H14: =SUM(H8:H9)-SUM(H11:H13) -> 0 | I14: =SUM(I8:I9)-SUM(I11:I13) -> 0 | J14: =SUM(J8:J9)-SUM(J11:J13) -> 0 | ... N14: =SUM(N8:N9)-SUM(N11:N13) -> 0 | O14: =SUM(C14:N14) -> 10663
A16: INVESTMENTS | O16: TOTAL
B17: IN
B18: Aquisition, net of cash acquired, and other | C18: 18912 | D18: 0 | E18: 0 | F18: 0 | G18: 0 | H18: 0 | I18: 0 | J18: 0 | K18: 0 | L18: 0 | M18: 0 | N18: 0 | O18: =SUM(C18:N18) -> 18912
B19: Sales and maturisties of marketable securities | C19: 9821 | D19: 0 | E19: 0 | F19: 0 | G19: 0 | H19: 0 | I19: 0 | J19: 0 | K19: 0 | L19: 0 | M19: 0 | N19: 0 | O19: =SUM(C19:N19) -> 9821
B20: OUT
B21: Purchase of Property | C21: 12121 | D21: 0 | E21: 0 | F21: 0 | G21: 0 | H21: 0 | I21: 0 | J21: 0 | K21: 0 | L21: 0 | M21: 0 | N21: 0 | O21: =SUM(C21:N21) -> 12121
B22: Purchase of Equipment | C22: 3912 | D22: 0 | E22: 0 | F22: 0 | G22: 0 | H22: 0 | I22: 0 | J22: 0 | K22: 0 | L22: 0 | M22: 0 | N22: 0 | O22: =SUM(C22:N22) -> 3912
B23: Net Cash from Investments | C23: =SUM(C18:C19)-SUM(C21:C22) -> 12700 | D23: =SUM(D18:D19)-SUM(D21:D22) -> 0 | E23: =SUM(E18:E19)-SUM(E21:E22) -> 0 | F23: =SUM(F18:F19)-SUM(F21:F22) -> 0 | G23: =SUM(G18:G19)-SUM(G21:G22) -> 0 | H23: =SUM(H18:H19)-SUM(H21:H22) -> 0 | I23: =SUM(I18:I19)-SUM(I21:I22) -> 0 | J23: =SUM(J18:J19)-SUM(J21:J22) -> 0 | ... N23: =SUM(N18:N19)-SUM(N21:N22) -> 0 | O23: =SUM(C23:N23) -> 12700
A25: FINANCES | O25: TOTAL
B26: IN
B27: ExcessTax Benefits from Stock-basd Compensation | C27: 27812 | D27: 0 | E27: 0 | F27: 0 | G27: 0 | H27: 0 | I27: 0 | J27: 0 | K27: 0 | L27: 0 | M27: 0 | N27: 0 | O27: =SUM(C27:N27) -> 27812
B28: Proceeds from Long-Term Debt and Other | C28: 17829 | D28: 0 | E28: 0 | F28: 0 | G28: 0 | H28: 0 | I28: 0 | J28: 0 | K28: 0 | L28: 0 | M28: 0 | N28: 0 | O28: =SUM(C28:N28) -> 17829
B29: OUT
B30: Repayment from long-term debt and other | C30: 21001 | D30: 0 | E30: 0 | F30: 0 | G30: 0 | H30: 0 | I30: 0 | J30: 0 | K30: 0 | L30: 0 | M30: 0 | N30: 0 | O30: =SUM(C30:N30) -> 21001
B31: Principal repayments of finance lease obligations | C31: 7621 | D31: 0 | E31: 0 | F31: 0 | G31: 0 | H31: 0 | I31: 0 | J31: 0 | K31: 0 | L31: 0 | M31: 0 | N31: 0 | O31: =SUM(C31:N31) -> 7621
B32: Net Cash from Finances | C32: =SUM(C27:C28)-SUM(C30:C31) -> 17019 | D32: =SUM(D27:D28)-SUM(D30:D31) -> 0 | E32: =SUM(E27:E28)-SUM(E30:E31) -> 0 | F32: =SUM(F27:F28)-SUM(F30:F31) -> 0 | G32: =SUM(G27:G28)-SUM(G30:G31) -> 0 | H32: =SUM(H27:H28)-SUM(H30:H31) -> 0 | I32: =SUM(I27:I28)-SUM(I30:I31) -> 0 | J32: =SUM(J27:J28)-SUM(J30:J31) -> 0 | ... N32: =SUM(N27:N28)-SUM(N30:N31) -> 0 | O32: =SUM(C32:N32) -> 17019
A34: QUARTERLY ENDING | O34: TOTAL
B35: Net Cash Increase (Decrease) | C35: =SUM(C14,C23,C32) -> 40382 | D35: =SUM(D14,D23,D32) -> 0 | E35: =SUM(E14,E23,E32) -> 0 | F35: =SUM(F14,F23,F32) -> 0 | G35: =SUM(G14,G23,G32) -> 0 | H35: =SUM(H14,H23,H32) -> 0 | I35: =SUM(I14,I23,I32) -> 0 | J35: =SUM(J14,J23,J32) -> 0 | ... N35: =SUM(N14,N23,N32) -> 0 | O35: =SUM(C35:N35) -> 40382
B36: Opening Cash Balance | C36: 0 | D36: 0 | E36: 0 | F36: 0 | G36: 0 | H36: 0 | I36: 0 | J36: 0 | K36: 0 | L36: 0 | M36: 0 | N36: 0 | O36: =SUM(C36:N36) -> 0
B37: Closing Cash Balance | C37: =SUM(C35:C36) -> 40382 | D37: =SUM(D35:D36) -> 0 | E37: =SUM(E35:E36) -> 0 | F37: =SUM(F35:F36) -> 0 | G37: =SUM(G35:G36) -> 0 | H37: =SUM(H35:H36) -> 0 | I37: =SUM(I35:I36) -> 0 | J37: =SUM(J35:J36) -> 0 | ... O37: =SUM(O35:O36) -> 40382

Sheet Cash Flow Statement
A1: ABBY Dc Inc.
A2: 123 Street, City, ST 00000
A3: Prepared by: Francis Dee
A4: For the Year 2055
A5: SAAS Cash Flow ForeCast Template
A6: OPERATIONS | C6: 2055 | D6: 2054
B7: IN
B8: Stick-Based Compensations | C8: =VLOOKUP(B8,'12-Month Cash Flow'!B:O,14, FALSE) -> 38712 | D8: 35000
B9: Other Operating Expense,Net | C9: =VLOOKUP(B9,'12-Month Cash Flow'!B:O,14, FALSE) -> 13872 | D9: 12000
B10: OUT
B11: Deferred Income Taxes | C11: =VLOOKUP(B11,'12-Month Cash Flow'!B:O,14, FALSE) -> 22100 | D11: 26000
B12: Excess Tax Benefits from Stock-Based | C12: =VLOOKUP(B12,'12-Month Cash Flow'!B:O,14, FALSE) -> 0 | D12: =VLOOKUP(C12,'12-Month Cash Flow'!C:P,14, FALSE) -> 0
B13: Compensation | C13: =VLOOKUP(B13,'12-Month Cash Flow'!B:O,14, FALSE) -> 19821 | D13: 15000
B14: Net Cash from Operations | C14: =VLOOKUP(B14,'12-Month Cash Flow'!B:O,14, FALSE) -> 10663 | D14: =SUM(D8:D9)-SUM(D11:D13) -> 6000
C15: =SUM(C14)/SUM($C$14:$D$14) -> 0.63992078 | D15: =SUM(D14)/SUM($C$14:$D$14) -> 0.36007922
A16: INVESTMENTS
B17: IN
B18: Aquisition, net of cash acquired, and other | C18: =VLOOKUP(B18,'12-Month Cash Flow'!B:O,14, FALSE) -> 18912 | D18: 20000
B19: Sales and maturisties of marketable securities | C19: =VLOOKUP(B19,'12-Month Cash Flow'!B:O,14, FALSE) -> 9821 | D19: 7500
B20: OUT
B21: Purchase of Property | C21: =VLOOKUP(B21,'12-Month Cash Flow'!B:O,14, FALSE) -> 12121 | D21: 11000
B22: Purchase of Equipment | C22: =VLOOKUP(B22,'12-Month Cash Flow'!B:O,14, FALSE) -> 3912 | D22: 2000
B23: Net Cash from Investments | C23: =VLOOKUP(B23,'12-Month Cash Flow'!B:O,14, FALSE) -> 12700 | D23: =SUM(D18:D19)-SUM(D21:D22) -> 14500
C24: =SUM(C23)/SUM($C$23:$D$23) -> 0.46691176 | D24: =SUM(D23)/SUM($C$23:$D$23) -> 0.53308824
A25: FINANCES
B26: IN
B27: ExcessTax Benefits from Stock-basd Compensation | C27: =VLOOKUP(B27,'12-Month Cash Flow'!B:O,14, FALSE) -> 27812 | D27: 20000
B28: Proceeds from Long-Term Debt and Other | C28: =VLOOKUP(B28,'12-Month Cash Flow'!B:O,14, FALSE) -> 17829 | D28: 19000
B29: OUT
B30: Repayment from long-term debt and other | C30: =VLOOKUP(B30,'12-Month Cash Flow'!B:O,14, FALSE) -> 21001 | D30: 22000
B31: Principal repayments of finance lease obligations | C31: =VLOOKUP(B31,'12-Month Cash Flow'!B:O,14, FALSE) -> 7621 | D31: 6500
B32: Net Cash from Finances | C32: =VLOOKUP(B32,'12-Month Cash Flow'!B:O,14, FALSE) -> 17019 | D32: =SUM(D27:D28)-SUM(D30:D31) -> 10500
C33: =SUM(C32)/SUM($C$32:$D$32) -> 0.61844544 | D33: =SUM(D32)/SUM($C$32:$D$32) -> 0.38155456
A34: QUARTERLY ENDING
B35: Net Cash Increase (Decrease) | C35: =VLOOKUP(B35,'12-Month Cash Flow'!B:O,14, FALSE) -> 40382 | D35: =SUM(D14,D23,D32) -> 31000
B36: Opening Cash Balance | C36: =VLOOKUP(B36,'12-Month Cash Flow'!B:O,14, FALSE) -> 0 | D36: 0
B37: Closing Cash Balance | C37: =VLOOKUP(B37,'12-Month Cash Flow'!B:O,14, FALSE) -> 40382 | D37: =SUM(D35:D36) -> 31000
C38: =SUM(C37)/SUM($C$37:$D$37) -> 0.56571685 | D38: =SUM(D37)/SUM($C$37:$D$37) -> 0.43428315
